 Dungeon Crawl Stone Soup version 0.22.1-1-ga44c0e5 (webtiles) character file.

522 dezan the Magician (level 7, -28/37 HPs)
             Began as a Deep Elf Ice Elementalist on Oct 1, 2018.
             Killed from afar by a hound (29 damage)
             ... with an exploding inner flame
             ... hexed by the player character
             ... on level 5 of the Dungeon.
             The game lasted 00:23:42 (3404 turns).

dezan the Magician (Deep Elf Ice Elementalist)      Turns: 3404, Time: 00:23:45

Health: -28/37     AC:  7    Str:  5    XL:     7   Next: 1%
Magic:  9/17       EV: 13    Int: 22    God:
Gold:   144        SH:  0    Dex: 21    Spells: 13/17 levels left

rFire    . . .     SeeInvis +   r - +0 hunting sling
rCold    . . .     Gourm    .   (no shield)
rNeg     . . .     Faith    .   s - +1 leather armour {rPois}
rPois    +         Spirit   .   (no helmet)
rElec    .         Reflect  .   (no cloak)
rCorr    .         Harm     .   (no gloves)
MR       .....                  (no boots)
Stlth    +++.......             f - amulet of magic regeneration
HPRegen  0.12/turn              g - +4 ring of dexterity
MPRegen  0.40/turn              o - +3 ring of protection

@: no status effects
A: thin skeletal structure 1, see invisible
a: no special abilities


You were on level 5 of the Dungeon.
You were not hungry.

You visited 1 branch of the dungeon, and saw 5 of its levels.

You collected 144 gold pieces.

Inventory:

Hand Weapons
 b - a +0 hand axe
 i - a +1 antimagic hand axe
 r - a +0 hunting sling (weapon)
 u - a +0 blowgun
 B - a +0 spear
Missiles
 j - 92 arrows
 k - 43 bolts
 q - 124 stones (quivered)
 v - 3 poisoned needles
Armour
 s - a +1 leather armour of poison resistance (worn)
Jewellery
 f - an amulet of magic regeneration (around neck)
 g - a +4 ring of dexterity (left hand)
 o - a +3 ring of protection (right hand)
Wands
 y - a wand of enslavement (13)
Scrolls
 d - a scroll of amnesia
 h - 4 scrolls of remove curse
 m - 4 scrolls of identify
Potions
 p - 2 potions of cancellation
Comestibles
 c - 7 rations


   Skills:
 + Level 0.9 Fighting
 + Level 2.3 Slings
 + Level 0.1 Armour
 + Level 3.5 Dodging
 + Level 2.9 Stealth
 + Level 5.9 Spellcasting
   Level 1.1 Conjurations
 + Level 0.4 Charms
 + Level 5.8 Ice Magic


You had 13 spell levels left.
You knew the following spells:

 Your Spells              Type           Power        Failure   Level  Hunger
a - Freeze                Ice            ####         1%          1    None
b - Ozocubu's Armour      Chrm/Ice       ###.....     13%         3    #......

Your spell library contained the following spells:

 Spells                   Type           Power        Failure   Level  Hunger
 Throw Frost              Conj/Ice       ###...       5%          2    None
 Throw Icicle             Conj/Ice       ###.....     36%         4    ###....
 Summon Ice Beast         Ice/Summ       ###.....     43%         4    ###....


Dungeon Overview and Level Annotations

Branches:
Dungeon (5/15)
 Temple: D:4-7

Altars:
Ashenzari
Okawaru
Trog
The Shining One

Annotations:
D:4 Sigmund
D:5 2 transporters, seaofthunder's ghost, novice HOFi


Innate Abilities, Weirdness & Mutations

You have a somewhat thin skeletal structure. (Dex +2, Stealth)
You have supernaturally acute eyesight. (SInv)


Message History

Press: ? - help, Shift-Dir - straight line, f/p - hound
Aim: a hound (lightly wounded, inner flame)
You freeze the hound.
The hound is almost dead.
The hound zombie closely misses you. The hound barely misses you.
The hound zombie bites you.
* * * LOW HITPOINT WARNING * * *
The hound closely misses you.
Casting: Freeze (safe; 1% risk of failure)
Confirm with . or Enter, or press ? or * to list all spells.
Aiming: Freeze (safe; 1% risk of failure)
Press: ? - help, Shift-Dir - straight line, f/p - hound
Aim: a hound (almost dead, inner flame)
You freeze the hound.
The hound explodes!
The fiery explosion engulfs the quokka.
The quokka explodes!
The fiery explosion engulfs you!
Ouch! That really hurt!
You die...

#.# #.# #.# #.#
#r# #)# #.#
#.###########
#..ยงยง)@Z>...#
###########.#


You could see a hound zombie (inner flame).

Vanquished Creatures
  An ogre (D:5)
  A scorpion (D:5)
  A howler monkey (D:4)
  2 crimson imps (D:5)
  A hound (D:4)
  An orc priest (D:5)
  Ijyb (D:3)
  3 worker ants
  2 adders
  6 dart slugs
  2 leopard geckos
  7 orcs
  4 bats
  2 giant cockroaches
  13 goblins
  7 hobgoblins
  15 jackals
  3 quokkas
  7 frilled lizards
  4 kobolds (D:3)
  8 rats
91 creatures vanquished.

Notes
Turn   | Place    | Note
-------+----------+-------------------------------------------
     0 | D:1      | dezan the Deep Elf Ice Elementalist began the quest for the
                  | Orb.
     0 | D:1      | Reached XP level 1. HP: 10/10 MP: 6/6
   483 | D:1      | Reached XP level 2. HP: 15/15 MP: 4/8
   953 | D:2      | Reached XP level 3. HP: 16/19 MP: 2/10
  1550 | D:3      | Found a glowing golden altar of the Shining One.
  1638 | D:3      | Found a shattered altar of Ashenzari.
  1660 | D:3      | Reached XP level 4. HP: 24/24 MP: 9/12
  1990 | D:3      | Noticed Ijyb
  2012 | D:3      | Killed Ijyb
  2012 | D:3      | Reached XP level 5. HP: 19/28 MP: 8/14
  2216 | D:3      | Reached skill level 1 in Slings
  2481 | D:3      | Found a faded altar of an unknown god.
  2743 | D:4      | Found a bloodstained altar of Trog.
  2772 | D:4      | Found an iron altar of Okawaru.
  2788 | D:4      | Reached skill level 5 in Ice Magic
  2889 | D:4      | Reached skill level 5 in Spellcasting
  2895 | D:4      | Noticed Sigmund
  2934 | D:5      | Entered Level 5 of the Dungeon
  2946 | D:5      | Reached XP level 6. HP: 33/33 MP: 12/15
  2951 | D:5      | Learned a level 3 spell: Ozocubu's Armour
  3041 | D:5      | Gained mutation: You have supernaturally acute eyesight.
                  | (SInv) [potion of mutation]
  3041 | D:5      | Gained mutation: You have a somewhat thin skeletal
                  | structure. (Dex +2, Stealth) [potion of mutation]
  3282 | D:5      | Found a transporter.
  3283 | D:5      | Noticed seaofthunder's ghost (novice HOFi)
  3296 | D:5      | Found a transporter.
  3392 | D:5      | Reached XP level 7. HP: 8/37 MP: 13/17
  3403 | D:5      | HP: 1/37 [hound zombie (4)]
  3404 | D:5      | Killed from afar by a hound

Skill      XL: |  1  2  3  4  5 |
---------------+----------------+-----
Ice Magic      | 4 5 |  5.8
Spellcasting   | 4 5 |  5.9
Slings         | 2 |  2.3
Dodging        | 3 |  3.5
Fighting       | |  0.9
Armour         | |  0.1
Stealth        | |  2.9
Conjurations   | |  1.1
Charms         | |  0.4

Action                   |  1- 3 |  4- 6 |  7- 9 || total
-------------------------+-------+-------+-------++-------
Melee: Hand axe          |    13 |       |       ||    13
       Hunting sling     |       |     3 |       ||     3
 Fire: Hunting sling     |     6 |    80 |       ||    86
 Cast: Freeze            |    63 |    60 |     9 ||   132
       Ozocubu's Armour  |       |     4 |       ||     4
  Use: Potion            |       |     4 |       ||     4
       Scroll            |       |     1 |     3 ||     4
  Eat: Chunk             |     2 |     4 |       ||     6
       Ration            |       |     1 |       ||     1
Armor: Robe              |     8 |    19 |       ||    27
       Leather armour    |       |     7 |     7 ||    14
Dodge: Dodged            |    39 |    55 |    22 ||   116
